 Dungeon Crawl Stone Soup version 0.25-a0-504-g768f60da87 (webtiles) character file.

Game seed: 632498164551746714, levelgen mode: deterministic

36 Eurus the Conjurer (level 3, 0/26 HPs)
             Began as a Mummy Conjurer on Feb 14, 2020.
             Slain by a hobgoblin
             ... wielding a +0 club
              (4 damage)
             ... on level 2 of the Dungeon.
             The game lasted 00:02:34 (1103 turns).

Eurus the Conjurer (Mummy Conjurer)                 Turns: 1103, Time: 00:02:35

Health: 0/26       AC:  3    Str: 11    XL:     3   Next: 19%
Magic:  1/7        EV: 12    Int: 15    God:
Gold:   35         SH:  0    Dex: 12    Spells: 5/8 levels left

rFire    x . .     SeeInvis .   b - +0 dagger
rCold    + . .     Gourm    .   (no shield)
rNeg     + + +     Faith    .   a - +0 robe
rPois    ∞         Spirit   .   f - +0 helmet
rElec    .         Reflect  .   (no cloak)
rCorr    .         Harm     .   (no gloves)
MR       .....                  (no boots)
Stlth    ++........             (no amulet)
HPRegen  0.08/turn              (no ring)
MPRegen  0.10/turn              (no ring)

@: no status effects
A: no food or potions, fire vulnerability, cold resistance 1, negative energy
resistance 3, torment resistance, unbreathing
a: no special abilities


You were on level 2 of the Dungeon.
You were not hungry.

You visited 1 branch of the dungeon, and saw 2 of its levels.

You collected 35 gold pieces.

Inventory:

Hand Weapons
 b - a +0 dagger (weapon)
Armour
 a - a +0 robe (worn)
 f - a +0 helmet (worn)
Scrolls
 c - a scroll of identify {unknown}
 d - 2 scrolls of amnesia {unknown}
 e - a scroll of enchant weapon {unknown}


   Skills:
 + Level 1.1 Fighting
 - Level 1.5 Dodging
 - Level 1.5 Stealth
 + Level 3.2 Spellcasting
 * Level 3.8 Conjurations


You had 5 spell levels left.
You knew the following spells:

 Your Spells              Type           Power        Failure   Level  Hunger
a - Magic Dart            Conj           ##..         4%          1    N/A
b - Searing Ray           Conj           ##....       6%          2    N/A

Your spell library contained the following spells:

 Spells                   Type           Power        Failure   Level  Hunger
 Dazzling Flash           Conj/Hex       #.....       26%         3    N/A
 Fulminant Prism          Conj/Hex       #.........   65%         4    N/A
 Iskenderun's Mystic Bla  Conj/Tloc      #.......     65%         4    N/A

Dungeon Overview and Level Annotations

Branches:
Dungeon (2/15)

Altars:
Fedhas
Qazlal

Annotations:
D:1 1 exclusion


Innate Abilities, Weirdness & Mutations

You do not eat or drink.
Your flesh is vulnerable to fire.
You are immune to poison.
Your flesh is cold resistant. (rC+)
You are immune to negative energy. (rN+++)
You are immune to unholy pain and torment.
You can survive without breathing.


Message History

You see here 7 stones.
The hobgoblin hits you but does no damage.
You hit the hobgoblin but do no damage. The hobgoblin hits you with a +0 club.
You hit the hobgoblin.
The hobgoblin is moderately wounded.
The hobgoblin hits you with a +0 club.
Your magical contamination has completely faded away.
You closely miss the hobgoblin.
The hobgoblin is moderately wounded.
The hobgoblin hits you with a +0 club.
* * * LOW HITPOINT WARNING * * *
Casting: Magic Dart (safe; 4% risk of failure)
Confirm with . or Enter, or press ? or * to list all spells.
Aiming: Magic Dart (safe; 4% risk of failure)
Press: ? - help, Shift-Dir - straight line, f - hobgoblin
Aim: a hobgoblin, wielding a +0 club (moderately wounded)
The magic dart hits the hobgoblin.
The hobgoblin is heavily wounded.
The hobgoblin hits you with a +0 club.
You die...

.. #.........###..##
# ######..........#
#..........##
##^.^.J..P....
##§≈≈#^.PPPPP##
#######.§._....._P.#
..$....<.#≈#≈.PPPPP#
#######§§≈##.(.P).##
##..@gJ.#####
########


You could see an ooze and a hobgoblin.

Vanquished Creatures
  3 dart slugs (D:1)
  A ball python (D:1)
  2 bats (D:1)
  5 goblins (D:1)
  5 hobgoblins
  2 jackals (D:1)
  4 kobolds (D:1)
  3 frilled lizards (D:1)
  2 rats (D:1)
27 creatures vanquished.

Notes
Turn   | Place    | Note
-------+----------+-------------------------------------------
     0 | D:1      | Eurus the Mummy Conjurer began the quest for the Orb.
     0 | D:1      | Reached XP level 1. HP: 13/13 MP: 4/4
   241 | D:1      | Reached XP level 2. HP: 20/20 MP: 0/5
   245 | D:1      | Learned a level 2 spell: Searing Ray
   606 | D:1      | Reached skill level 1 in Fighting
   804 | D:1      | Reached XP level 3. HP: 24/26 MP: 5/7
  1053 | D:2      | Found a stormy altar of Qazlal.
  1055 | D:2      | Found a blossoming altar of Fedhas.
  1103 | D:2      | Slain by a hobgoblin

Levels and vault maps discovered:
D:1:      wander_arrival_estate, layout_basic, minmay_misc_feat_pillars,
          kennysheep_pointless_box, minmay_misc_feat_chi, chequers_avenue
D:2:      minmay_skewed_foursquare, layout_rooms, lemuel_blue_sif_altar,
          grunt_temple_overflow_forces_of_nature

Skill      XL: |  1  2 |
---------------+-------+-----
Spellcasting   | 3 |  3.2
Fighting       | 1 |  1.1
Dodging        | |  1.5
Stealth        | |  1.5
Conjurations   | |  3.8

Action                   || total
-------------------------++-------
Melee: Dagger            ||    28
 Cast: Magic Dart        ||    55
       Searing Ray       ||     1
Armor: Robe              ||     3
Dodge: Dodged            ||    27

Table legend:
 A = Non-vault XP
 B = Vault XP
 C = Vault XP percentage of total XP
 D = Non-vault monster count
 E = Vault monster count
 F = Vault count percentage of total count
                 A         B        C        D         E       F
            +---------+---------+-------+---------+---------+-------
      Total |      52 |       0 |   0.0 |      27 |       0 |   0.0
            +---------+---------+-------+---------+---------+-------
        D:1 |      50 |       0 |   0.0 |      26 |       0 |   0.0
        D:2 |       2 |       0 |   0.0 |       1 |       0 |   0.0
            +---------+---------+-------+---------+---------+-------
